 Dungeon Crawl Stone Soup version 0.29-a0-337-g68df138881 (webtiles) character file.

Game seed: 7279273019951847612

10 domi the Sneak (level 2, 0/21 HPs)
             Began as an Octopode Delver on Apr 16, 2022.
             Slain by a gnoll shaman
             ... wielding a +0 club
              (5 damage)
             ... on level 4 of the Dungeon.
             The game lasted 00:00:39 (54 turns).

domi the Sneak (Octopode Delver)                      Turns: 54, Time: 00:00:40

Health: 0/21       AC:  1    Str: 11    XL:     2   Next: 20%
Magic:  2/2        EV: 13    Int: 12    God:
Gold:   25         SH:  0    Dex: 13    Spells: 1/1 levels left

rFire   . . .      SeeInvis .   a - +0 falchion
rCold   . . .      Faith    .   (no shield)
rNeg    . . .      Spirit   .   (helmet restricted)
rPois   .          Reflect  .   (no amulet)
rElec   .          Harm     .   (no ring)
rCorr   .          Rampage  .   (no ring)
Will    .....                   (no ring)
Stlth   ++++......              (no ring)
HPRegen 0.07/turn               (no ring)
MPRegen 0.08/turn               (no ring)
                                (no ring)
                                (no ring)

@: no status effects
A: almost no armour, amphibious, 8 rings, camouflage 1, gelatinous body 1,
(nimble swimmer 1), tentacles
a: no special abilities


You were on level 4 of the Dungeon.
You visited 1 branch of the dungeon, and saw 2 of its levels.

You collected 25 gold pieces.

Inventory:

Hand Weapons
 a - a +0 falchion (weapon)
Wands
 f - a wand of digging (3)
Scrolls
 b - a scroll of fog
 c - a scroll of magic mapping {!r}
 d - a scroll of fear
Potions
 e - a potion of haste {@q3}


   Skills:
 + Level 3.1 Fighting
 + Level 2.2 Long Blades
 + Level 2.2 Dodging
 + Level 6.7 Stealth


You had one spell level left.
You didn't know any spells.
Your spell library was empty.

Dungeon Overview and Level Annotations

Branches:
Dungeon (5/15)
 Temple: D:4-7

Altars:


Innate Abilities, Weirdness & Mutations

You cannot wear most types of armour.
You are amphibious.
You can wear up to eight rings at the same time.
Your skin changes colour to match your surroundings (Stealth+).
Your rubbery body absorbs attacks. (AC +1, EV +1)
((You are camouflaged when in or above water. (Stealth+)))
You have tentacles for arms and can constrict up to eight enemies at once.


Message History

Welcome, domi the Octopode Delver.
It is said that the Orb of Zot exists deep within this dungeon.
Found a stone staircase leading down.
You open the door.
Found 17 gold pieces.
Found a stone staircase leading up.
There is an open door here.
You now have 17 gold pieces.
There is a stone staircase leading up here.
You climb upwards.
You hear the hiss of flowing sand.
There is an entrance to an ossuary on this level.
Hurry and find it before the portal is buried!
There is a stone staircase leading down here.
You now have 25 gold pieces (gained 8).
You open the door.
There is an open door here.
You see here a +0 leather armour.
You open the door.
There is an open door here.
A gnoll comes into view.
It is wielding a +0 club. 2 gnolls come into view.
The gnoll shouts!
You don't know any spells.
You don't know any spells.
A gnoll shaman comes into view. It is wielding a +0 club.
The gnoll shaman shouts!
The gnoll shouts! x2
You hit the gnoll but do no damage. Your grab misses the gnoll.
A gnoll comes into view. It is wielding a +0 spear.
The gnoll completely misses you.
You closely miss the gnoll. Your grab misses the gnoll.
The gnoll hits you with a +0 club!
You take 7 damage, and have 9/16 hp.
MASSIVE DAMAGE!!
You slash the gnoll! Your grab misses the gnoll.
The gnoll hits you with a +0 club.
You take 3 damage, and have 6/16 hp.
You slash the gnoll!
You kill the gnoll!
You have reached level 2!
You regained 2 hp, and now have 8/21 hp.
MP restored: 2 You hit the gnoll.
Your grab misses the gnoll. Your squeeze misses the gnoll.
The gnoll hits you with a +0 whip.
* * * LOW HITPOINT WARNING * * *
The gnoll shaman calls upon its god to speed up the gnoll.
The gnoll seems to speed up.
You take 3 damage, and have 5/21 hp.
You hit the gnoll shaman but do no damage.
You grab the gnoll shaman. You constrict the gnoll shaman.
You hit the gnoll shaman but do no damage.
You constrict the gnoll shaman, but do no damage.
The gnoll shaman hits you with a +0 club.
You die...

#######'####
###.#
.........#
#.#
####.....#
#.# #....(#
#.# #.....#
#.# #.....#
#.# #######
#.# #.# #@#
#g# #g# #g#
.g# ###


You could see a gnoll shaman and 3 gnolls.

Vanquished Creatures
  A gnoll (D:4)
1 creature vanquished.

Notes
Turn   | Place    | Note
-------+----------+-------------------------------------------
     0 | D:5      | domi the Octopode Delver began the quest for the Orb.
     0 | D:5      | Reached XP level 1. HP: 16/16 MP: 1/1
    46 | D:4      | Noticed a gnoll shaman
    52 | D:4      | Reached XP level 2. HP: 8/21 MP: 2/2
    52 | D:4      | HP: 5/21 [gnoll/+0 whip (3)]
    54 | D:4      | Slain by a gnoll shaman

Illustrated notes

Levels and vault maps discovered:
D:4:      nicolae_cairo_tiling_very_big, layout_loops_cross,
          mainiacjoe_overflow_small_starburst,
          minmay_temple_entry_enclosed_plants, enter_ossuary_1, uniq_menkaure
D:5:      layout_loops_cross, grunt_ministairs_3

Action                   || total
-------------------------++-------
Melee: Falchion          ||     7
       Constrict         ||     1
Dodge: Dodged            ||     1

Table legend: (Time is in decaauts)
 A = Elapsed time spent in this place.
 B = Non-inter-level travel time spent in this place.
 C = Inter-level travel time spent in this place.
 D = Time resting spent in this place.
 E = Time spent auto-exploring this place.
 F = Levels seen in this place.
 G = Mean time per level.
                   A        B        C        D        E       F      G
               +--------+--------+--------+--------+--------+-----+--------+
         Total |     55 |     55 |      0 |      0 |      0 |   2 |   27.5 |
       Dungeon |     55 |     55 |      0 |      0 |      0 |   2 |   27.5 |
               +--------+--------+--------+--------+--------+-----+--------+

Top non-repeatable levels by time:
     D:4: 41 daAuts
     D:5: 14 daAuts

Table legend:
 A = Kills in this place as a percentage of kills in entire the game.
 B = Kills by you in this place as a percentage of kills by you in the entire game.
 C = Kills by friends in this place as a percentage of kills by friends in the entire game.
 D = Other kills in this place as a percentage of other kills in the entire game.
 E = Experience gained in this place as a percentage of experience gained in the entire game.
 F = Experience gained in this place divided by the number of levels of this place that you have seen.
                   A       B       C       D       E      F
               +-------+-------+-------+-------+-------+----------------------
         Total | 100.0 | 100.0 |   N/A |   N/A | 100.0 |   7.5
       Dungeon | 100.0 | 100.0 |   N/A |   N/A | 100.0 |   7.5
               +-------+-------+-------+-------+-------+----------------------
